 Dungeon Crawl Stone Soup version 0.29.0-11-gd7f09526c8 (webtiles) character file.

Game seed: 14387426612317806183

434 concernfroge the Trooper (level 6, -2/56 HPs)
             Began as a Mummy Monk on Sept 4, 2022.
             Was an Initiate of Ru.
             Slain by Edmund
             ... wielding a +1 dire flail of protection
              (6 damage)
             ... on level 4 of the Dungeon.
             The game lasted 00:15:23 (4426 turns).

concernfroge the Trooper (Mummy Monk)               Turns: 4426, Time: 00:15:24

Health: -2/56      AC: 15    Str: 16    XL:     6   Next: 68%
Magic:  6/6        EV: 11    Int: 10    God:    Ru [......]
Gold:   283        SH:  7    Dex: 14    Spells: 5/5 levels left

rFire   x . .      SeeInvis .   a - +1 spear
rCold   + . .      Faith    .   e - +0 kite shield
rNeg    + + +      Spirit   .   n - +0 pearl dragon scales
rPois   ∞          Reflect  .   (no helmet)
rElec   .          Harm     .   (no cloak)
rCorr   .          Rampage  .   (no gloves)
Will    .....                   c - +0 pair of boots
Stlth   ..........              (no amulet)
HPRegen 0.18/turn               d - +4 ring of evasion
MPRegen 0.10/turn               k - +4 ring of protection

@: no status effects
A: cold resistance 1, negative energy resistance 3, torment resistance 2, heat
vulnerability 1, in touch with death 1, no potions
a: Renounce Religion


You were on level 4 of the Dungeon.
You worshipped Ru.
Ru was noncommittal.
You visited 2 branches of the dungeon, and saw 6 of its levels.

You collected 283 gold pieces.

Inventory:

Hand Weapons
 a - a +1 spear (weapon)
Missiles
 o - 5 boomerangs (quivered)
Armour
 c - a +0 pair of boots (worn)
 e - a +0 kite shield (worn)
 n - +0 pearl dragon scales (worn)
Jewellery
 d - a +4 ring of evasion (left hand)
 i - a +6 ring of dexterity
 k - a +4 ring of protection (right hand)
 p - a +6 ring of strength
Scrolls
 f - a scroll of identify
 g - a scroll of magic mapping
 m - 3 scrolls of amnesia


   Skills:
 + Level 7.6 Fighting
 - Level 2.4 Polearms
 - Level 2.4 Dodging
 - Level 1.5 Stealth


You had 5 spell levels left.
You didn't know any spells.
Your spell library contained the following spells:

 Spells                   Type           Power      Damage    Failure   Level
 Shock                    Conj/Air       0%         1d3       100%        1
 Passwall                 Tmut/Erth      0%         N/A       100%        2
 Conjure Flame            Conj/Fire      0%         6-21      100%        3


Dungeon Overview and Level Annotations

Branches:
Dungeon (5/15)             Temple (1/1) D:4

Altars:
Ashenzari
Cheibriados
Dithmenos
Gozag
Hepliaklqana
Kikubaaqudgha
Makhleb
Nemelex Xobeh
Qazlal
Ru
Sif Muna
Trog
Vehumet
Wu Jian
Xom
Yredelemnul

Shops:
D:3 [

Annotations:
D:4 Edmund; Hildebrand's ghost, amateur MiBe


Innate Abilities, Weirdness & Mutations

You are immune to poison.
Your flesh is cold resistant. (rC+)
You are immune to negative energy. (rN+++)
You are immune to unholy pain and torment.
You are vulnerable to heat. (rF-)
You are in touch with the powers of death.
You do not drink.


Message History

You hit Edmund.
Edmund is severely wounded.
Edmund hits you with a +1 dire flail of protection.
* * * LOW HITPOINT WARNING * * *
You hit Edmund but do no damage.
Edmund is severely wounded.
You block Edmund's attack.
You hit Edmund but do no damage.
Edmund is severely wounded.
Edmund barely misses you.
You hit Edmund.
Edmund is almost dead.
Edmund hits you with a +1 dire flail of protection!
* * * LOW HITPOINT WARNING * * *
Edmund hits you but does no damage.
You hit Edmund but do no damage.
Edmund is severely wounded.
Edmund barely misses you.
You hit Edmund.
Edmund is almost dead.
Edmund closely misses you.
You hit Edmund.
Edmund is almost dead.
Edmund barely misses you.
You hit Edmund but do no damage.
Edmund is almost dead.
You block Edmund's attack.
You barely miss Edmund.
Edmund is almost dead.
Edmund barely misses you. Edmund completely misses you.
You hit Edmund but do no damage.
Edmund is almost dead.
You block Edmund's attack.
You closely miss Edmund.
Edmund is almost dead.
Edmund hits you but does no damage.
You hit Edmund.
Edmund is almost dead.
Edmund hits you with a +1 dire flail of protection.
You die...

#.....'...'......#..........
#.....######.....#..........
###+##.....#+#####.......†..
#...'.....#....(#..........
#...#.....#.....#..........
#...#.....#.....#..........
#...#.....#.....#..........
#####.....#@....#.....#####
######@.....#.....# #
#....###.....# #
######.......# # #.......# #
#.......# # #.......# #
#.......# # ........# #
.........#


You could see Edmund.

Vanquished Creatures
  Sigmund (D:4)
  A water moccasin (D:4)
  A hound (D:4)
  An iguana (D:4)
  2 adders (D:2)
  3 gnolls
  2 worms (D:2)
  A dart slug (D:3)
  2 orcs (D:3)
  6 ball pythons
  A bat (D:1)
  4 endoplasms
  3 giant cockroaches
  4 hobgoblins
  9 jackals
  6 kobolds
  3 quokkas
  4 frilled lizards
  3 goblins
  7 rats
64 creatures vanquished.

Vanquished Creatures (others)
  2 plants (D:5)
2 creatures vanquished.

Grand Total: 66 creatures vanquished

Notes
Turn   | Place    | Note
-------+----------+-------------------------------------------
     0 | D:1      | concernfroge the Mummy Monk began the quest for the Orb.
     0 | D:1      | Reached XP level 1. HP: 18/18 MP: 1/1
   195 | D:1      | Reached XP level 2. HP: 22/24 MP: 2/2
   538 | D:1      | Reached skill level 4 in Fighting
  1081 | D:2      | Gained mutation: You are in touch with the powers of death.
                  | [Mummy growth]
  1081 | D:2      | Reached XP level 3. HP: 22/30 MP: 3/3
  1360 | D:2      | Found a radiant altar of Vehumet.
  1954 | D:3      | Found Xabbu's Antique Armour Shoppe.
  1956 | D:3      | Got the Grimoire of Conjuring and the Quarry
  2006 | D:3      | Reached XP level 4. HP: 29/38 MP: 4/4
  2013 | D:3      | Reached skill level 5 in Fighting
  2327 | D:3      | Found a stormy altar of Qazlal.
  2873 | D:4      | Found a staircase to the Ecumenical Temple.
  2879 | Temple   | Entered the Ecumenical Temple
  3052 | Temple   | Became a worshipper of Ru the Awakened
  3082 | D:4      | Found a transporter.
  3084 | D:4      | Noticed Hildebrand's ghost (amateur MiBe)
  3122 | D:4      | Found a transporter.
  3385 | D:3      | HP: 2/40 [gnoll/+0 flail (9)]
  3387 | D:3      | Reached XP level 5. HP: 3/46 MP: 5/5
  3850 | D:4      | Noticed Sigmund
  3875 | D:5      | Entered Level 5 of the Dungeon
  3945 | D:5      | Noticed a water moccasin
  3990 | D:4      | Killed a water moccasin
  3991 | D:4      | Reached skill level 6 in Fighting
  4076 | D:4      | Killed Sigmund
  4077 | D:4      | Reached skill level 7 in Fighting
  4077 | D:4      | Reached XP level 6. HP: 19/55 MP: 6/6
  4376 | D:4      | Noticed Edmund
  4418 | D:4      | HP: 2/56 [Edmund/+1 dire flail of protection (7)]
  4426 | D:4      | Slain by Edmund

Illustrated notes

Levels and vault maps discovered:
D:1:      lightli_arrival_lavapool, layout_loops_cross
D:2:      layout_basic, basic_altar
D:3:      minmay_recursive_quarters, layout_loops_ring,
          nicolae_qazlal_scattered_showers, serial_shops, shop,
          skrybe_limestone_x, hangedman_decor_growths
D:4:      layout_gridville, nicolae_overflow_hidden_temple,
          minmay_temple_entry_hall, gammafunk_ghost_mausoleum, uniq_sigmund,
          uniq_edmund
D:5:      layout_rooms, lemuel_crystal_altar,
          mainiacjoe_overflow_catch_the_wave, serial_shops,
          nicolae_shop_temple_entry_statues_fountains, minmay_circle_x
Temple:   regret_index_temple_sphere_string

Skill      XL: |  1  2  3  4  5 |
---------------+----------------+-----
Fighting       | 4 5 7 |  7.6
Polearms       | |  2.4
Dodging        | |  2.4
Stealth        | |  1.5

Action                   |  1- 3 |  4- 6 || total
-------------------------+-------+-------++-------
Melee: Spear             |   184 |   176 ||   360
       Punch             |     1 |       ||     1
Throw: Dart              |       |    11 ||    11
       Throwing net      |       |     3 ||     3
Invok: Reject Sacrifices |       |     1 ||     1
  Use: Scroll            |       |     6 ||     6
 Stab: Held in net/web   |       |     2 ||     2
Armor: Chain mail        |    86 |       ||    86
       Pearl dragon scal |     7 |    75 ||    82
Dodge: Dodged            |    44 |    76 ||   120
Block: Kite shield       |    30 |    58 ||    88
